 Dungeon Crawl Stone Soup version 0.22-a0-460-g49b1da7 (webtiles) character file.

404 DrEnzyme the Stinger (level 6, -1/42 HPs)
             Began as an Octopode Wanderer on June 9, 2018.
             Slain by an ice beast (11 damage)
             ... summoned by BobtheCannibal69's ghost
             ... on level 5 of the Dungeon.
             The game lasted 00:17:04 (6641 turns).

DrEnzyme the Stinger (Octopode Wanderer)            Turns: 6641, Time: 00:17:08

Health: -1/42      AC:  1    Str: 10    XL:     6   Next: 86%
Magic:  7/7        EV: 16    Int: 18    God:
Gold:   198        SH:  5    Dex: 11    Spells: 6/7 levels left

rFire    . . .     SeeInvis +     - Unarmed
rCold    . . .     Gourm    .   m - +1 buckler
rNeg     . . .     Faith    .   (helmet restricted)
rPois    .         Spirit   .   (no amulet)
rElec    .         Reflect  .   b - +3 ring of evasion
rCorr    .         Harm     .   c - ring of see invisible
MR       .....                  (no ring)
Stlth    +++.......             (no ring)
HPRegen  0.14/turn              (no ring)
MPRegen  0.10/turn              (no ring)
                                (no ring)
                                (no ring)

@: lethally poisoned (-1 -> -5)
A: almost no armour, stealthy swim, amphibious, 8 rings, constrict 8, camouflage
1, gelatinous body 1
a: no special abilities


You were on level 5 of the Dungeon.
You were not hungry.

You visited 1 branch of the dungeon, and saw 5 of its levels.

You collected 198 gold pieces.

Inventory:

Hand Weapons
 a - a +0 hunting sling
 e - a +1 dagger
Missiles
 d - 45 stones (quivered)
 l - 12 sling bullets
Armour
 m - a +1 buckler (worn)
Jewellery
 b - a +3 ring of evasion (left tentacle)
 c - a ring of see invisible (right tentacle)
Scrolls
 i - 2 scrolls of teleportation
 s - a scroll of identify
Potions
 g - a potion of agility
 h - a potion of flight
 j - a potion of heal wounds
 k - a potion of berserk rage {unknown}
 n - a potion of mutation {unknown}
 o - a potion of haste {unknown}
 p - a potion of curing
 q - a potion of might {unknown}
Comestibles
 f - 8 rations


   Skills:
 + Level 3.1 Fighting
 * Level 2.6 Slings
 - Level 2.8 Dodging
 - Level 2.6 Stealth
 * Level 1.7 Shields
 + Level 3.1 Unarmed Combat
 - Level 1.0 Spellcasting
   Level 2.0 Transmutations
 - Level 1.0 Earth Magic
   Level 4.8 Poison Magic


You had 6 spell levels left.
You knew the following spells:

 Your Spells              Type           Power        Failure   Level  Hunger
a - Sandblast             Erth           #.....       17%         1    ##.....

Your spell library contained the following spells:

 Spells                   Type           Power        Failure   Level  Hunger
 Pain                     Necr           #...         26%         1    ##.....
 Vampiric Draining        Necr           #.........   61%         3    ####...
 Stone Arrow              Conj/Erth      #.....       54%         3    ####...
 Passwall                 Tmut/Erth      #.......     22%         2    ###....
 Sticks to Snakes         Tmut           #.......     17%         2    ###....
 Lee's Rapid Deconstruct  Erth           #.........   99%         5    ######.
 Petrify                  Tmut/Erth      #.......     80%         4    #####..


Dungeon Overview and Level Annotations

Branches:
Dungeon (5/15)
 Temple: D:4-7

Altars:
Uskayaw
Xom
Yredelemnul
Zin

Annotations:
D:2 exclusion: 2 downstairs
D:3 exclusions: downstairs, 3 orcs, orc priest and orc wizard, heh's ghost, amateur NaWr
D:4 2 transporters, exclusion: 3 downstairs, RedSky's ghost, amateur DrIE
D:5 BobtheCannibal69's ghost, novice OpIE


Innate Abilities, Weirdness & Mutations

You cannot wear most types of armour.
You are very stealthy in the water. (Stealth+)
You are amphibious.
You can wear up to eight rings at the same time.
You can use your tentacles to constrict eight enemies at once.
Your skin changes colour to match your surroundings (Stealth+).
Your rubbery body absorbs attacks. (AC +1, EV +1)


Message History

You destroy the bullfrog skeleton!
BobtheCannibal69's ghost barely misses you.
You closely miss BobtheCannibal69's ghost.
You squeeze BobtheCannibal69's ghost.
BobtheCannibal69's ghost is lightly damaged.
BobtheCannibal69's ghost stares at you.
BobtheCannibal69's ghost mumbles some strange words.
You miss BobtheCannibal69's ghost.
BobtheCannibal69's ghost is lightly damaged.
BobtheCannibal69's ghost hits you but does no damage.
You are poisoned.
The ice beast hits you. The ice beast freezes you!
You feel sick.
BobtheCannibal69's ghost casts a spell at you.
You are frozen.
* * * LOW HITPOINT WARNING * * *
The ice beast hits you.
* * * LOW HITPOINT WARNING * * *
The ice beast freezes you!
You die...

..........
#..........
#..........
#..........
#..........
#..........
+........$.
#$..Y......
#..@W......
##.....####
#.....#
#.....+
#.....#
#.....#
#.....#
#.....#


You could see an ice beast and BobtheCannibal69's ghost.

Vanquished Creatures
  An ogre (D:4)
  A bullfrog skeleton (D:5)
  2 orc priests
  A hound (D:4)
  3 gnolls (D:3)
  8 adders
  2 worms
  2 dart slugs (D:1)
  5 leopard geckos
  6 orcs
  2 ball pythons (D:2)
  4 giant cockroaches
  8 goblins
  8 hobgoblins
  4 jackals (D:1)
  10 kobolds
  4 bats
  8 frilled lizards
  11 rats
90 creatures vanquished.

Notes
Turn   | Place    | Note
-------+----------+-------------------------------------------
     0 | D:1      | DrEnzyme the Octopode Wanderer began the quest for the Orb.
     0 | D:1      | DrEnzyme set off with: a +0 club, a +0 dagger, a ration
     0 | D:1      | Reached XP level 1. HP: 11/11 MP: 2/2
     2 | D:1      | Learned a level 1 spell: Sandblast
   340 | D:1      | Reached XP level 2. HP: 18/18 MP: 1/3
   371 | D:1      | Reached skill level 1 in Dodging
   371 | D:1      | Reached skill level 1 in Unarmed Combat
   711 | D:1      | Reached skill level 1 in Fighting
   907 | D:1      | Reached XP level 3. HP: 20/23 MP: 4/4
  1828 | D:2      | Reached XP level 4. HP: 8/29 MP: 5/5
  2926 | D:2      | Reached XP level 5. HP: 30/34 MP: 6/6
  3657 | D:3      | Noticed heh's ghost (amateur NaWr)
  3958 | D:3      | Found a faded altar of an unknown god.
  4784 | D:3      | Reached skill level 1 in Slings
  5149 | D:4      | Noticed RedSky's ghost (amateur DrIE)
  5163 | D:4      | Found a transporter.
  5236 | D:3      | Reached XP level 6. HP: 8/41 MP: 7/7
  5514 | D:4      | Found a hide-covered altar of Uskayaw.
  5566 | D:4      | Found a basalt altar of Yredelemnul.
  5607 | D:4      | Found a shimmering altar of Xom.
  6145 | D:4      | Found a transporter.
  6151 | D:4      | Found a glowing silver altar of Zin.
  6292 | D:4      | Reached skill level 1 in Shields
  6447 | D:5      | Entered Level 5 of the Dungeon
  6447 | D:5      | Noticed a phantom
  6501 | D:5      | Noticed BobtheCannibal69's ghost (novice OpIE)
  6510 | D:5      | Noticed an ice beast
  6640 | D:5      | Noticed an ice beast
  6641 | D:5      | Slain by an ice beast

Vault maps used:
D:1:      shiori_arrival_elements, minmay_split_cup_large
D:2:      first_ration
D:3:      chequers_ecumenical_altar_island
D:4:      nicolae_overflow_crystal_walls, yredelemnul_altar_generic,
          gammafunk_temple_overflow_arena, kennysheep_little_box
D:5:      glass_columns_b

Skill      XL: |  1  2  3  4  5  6 |
---------------+-------------------+-----
Dodging        | 1 2 |  2.8
Unarmed Combat | 1 2 3 |  3.1
Fighting       | 1 2 3 |  3.1
Slings         | 1 2 |  2.6
Shields        | 1 |  1.7
Stealth        | |  2.6
Spellcasting   | |  1.0
Transmutations | |  2.0
Earth Magic    | |  1.0
Poison Magic   | |  4.8

Action                   |  1- 3 |  4- 6 || total
-------------------------+-------+-------++-------
Melee: Unarmed           |    94 |   153 ||   247
       Constrict         |    31 |    36 ||    67
       Tentacles         |    13 |    29 ||    42
       Punch             |     1 |     1 ||     2
 Fire: Hunting sling     |       |    39 ||    39
 Cast: Sandblast         |     1 |     5 ||     6
  Use: Scroll            |     1 |     6 ||     7
       Potion            |       |     4 ||     4
 Stab: Sleeping          |     8 |     9 ||    17
  Eat: Chunk             |     2 |     9 ||    11
       Ration            |       |     2 ||     2
Armor: Skin              |     4 |     7 ||    11
Dodge: Dodged            |    59 |   135 ||   194
Block: Buckler           |       |     9 ||     9

Table legend:
 A = Spawn XP
 B = Non-spawn XP
 C = Spawn XP percentage of total XP
 D = Spawn monster count
 E = Non-spawn monster count
 F = Spawn count percentage of total count
 G = Total turns spent on level
                    A         B        C        D         E        F      G
               +---------+---------+-------+---------+---------+-------+---------
         Total |       0 |     578 |   0.0 |       0 |      90 |   0.0 |  6641
               +---------+---------+-------+---------+---------+-------+---------
           D:1 |       0 |      48 |   0.0 |       0 |      27 |   0.0 |  1333
           D:2 |       0 |     142 |   0.0 |       0 |      33 |   0.0 |  2906
           D:3 |       0 |     130 |   0.0 |       0 |      21 |   0.0 |  1553
           D:4 |       0 |     215 |   0.0 |       0 |       7 |   0.0 |   821
           D:5 |       0 |      43 |   0.0 |       0 |       2 |   0.0 |    28
               +---------+---------+-------+---------+---------+-------+---------
